[Event "Titled Tuesday Blitz May 17 Late 2022"]
[White "Tarigan, Gilbert Elroy"]
[Black "Bok, Benjamin"]
[WhiteFideId "7108133"]
[BlackFideId "1017063"]
[WhiteElo "1908"]
[BlackElo "2658"]
[Result "0-1"]
[Round "03"]
[TimeControl "180+1"]
[Date "2022.05.17"]
[WhiteClock "0:00:03"]
[BlackClock "0:00:11"]

1. e4 c5 2. Nf3 d6 3. d4 cxd4 4. Nxd4 Nf6 5. Nc3 a6 6. Bg5 Nbd7 7. f4 Qc7 8. Qf3 b5 9. O-O-O Bb7 10. Bd3 g6 11. Qh3 Bg7 12. Bh6 O-O 13. Bxg7 Kxg7 14. a3 Rac8 15. g4 Qb6 16. Nb3 Rxc3 17. bxc3 Qc7 18. g5 Nh5 19. Qe3 Qxc3 20. Rhf1 Nc5 21. Qd4+ Qxd4 22. Nxd4 Bxe4 23. Bxe4 Nxe4 24. Rde1 d5 25. f5 Rc8 26. Re3 Rc4 27. Rd3 Nd6 28. Kd1 gxf5 29. Nxf5+ Nxf5 30. Rxf5 e6 31. Rff3 Kg6 32. Rf1 Nf4 33. Rdf3 e5 34. h4 Kh5 35. Re3 Re4 36. Rxe4 dxe4 37. Re1 Kxh4 38. Rxe4 Kxg5 39. Rxe5+ f5 40. Re7 h5 41. Rg7+ Kf6 42. Ra7 h4 43. Rxa6+ Kg5 44. Ke1 h3 45. Kf2 h2 0-1


[Site "https://www.chess.com"]

[Event "Titled Tuesday Blitz May 17 Late 2022"]
[White "Tologon tegin, Semetei"]
[Black "Holt, Conrad"]
[WhiteFideId "13800574"]
[BlackFideId "2034387"]
[WhiteElo "2258"]
[BlackElo "2586"]
[Result "0-1"]
[Round "03"]
[TimeControl "180+1"]
[Date "2022.05.17"]
[WhiteClock "0:00:01"]
[BlackClock "0:00:51"]

1. e4 e6 2. d4 d5 3. Nc3 Nf6 4. e5 Nfd7 5. f4 c5 6. Nf3 Nc6 7. Be3 cxd4 8. Nxd4 Bc5 9. Qd2 O-O 10. Be2 Qe7 11. O-O f6 12. exf6 Nxf6 13. Kh1 Bd7 14. Rae1 Rac8 15. Bf3 Bb4 16. Bg1 Na5 17. Qd3 Nc4 18. Nxd5 Nxd5 19. Rxe6 Bxe6 20. Nxe6 Nf6 21. Nxf8 Kxf8 22. b3 Nd2 23. Rd1 Rd8 24. Qb5 b6 25. c3 Bc5 26. Bxc5 bxc5 27. Qa5 Re8 28. Qa6 Qe1+ 0-1


[Site "https://www.chess.com"]

[Event "Titled Tuesday Blitz May 17 Late 2022"]
[White "Tristan, Leonardo"]
[Black "Sadhwani, Raunak"]
[WhiteFideId "113816"]
[BlackFideId "35093487"]
[WhiteElo "2404"]
[BlackElo "2616"]
[Result "0-1"]
[Round "03"]
[TimeControl "180+1"]
[Date "2022.05.17"]
[WhiteClock "0:00:05"]
[BlackClock "0:00:27"]

1. d4 Nf6 2. Nf3 g6 3. Bf4 Bg7 4. e3 d6 5. Be2 O-O 6. O-O Nfd7 7. e4 e5 8. Bg5 Qe8 9. Nc3 h6 10. Be3 Nc6 11. Nd5 Qd8 12. Qd2 Kh7 13. dxe5 Ncxe5 14. Nxe5 dxe5 15. c4 c6 16. Nc3 Qe7 17. Rad1 Nc5 18. Qd6 Qxd6 19. Rxd6 Ne6 20. Rfd1 Re8 21. c5 Bf8 22. R6d2 Bxc5 23. Bxc5 Nxc5 24. Bc4 Kg7 25. Rd8 Be6 26. Rxa8 Rxa8 27. Bxe6 Nxe6 28. Rd7 Nc5 29. Rc7 a5 30. f3 Rd8 31. b3 Rd3 32. Na4 Nxa4 33. bxa4 Rd1+ 34. Kf2 Rd2+ 35. Kg3 Rxa2 36. Rxb7 Rxa4 37. Ra7 c5 38. Rc7 Rc4 39. Ra7 a4 40. Ra5 f5 41. Ra7+ Kf6 42. Ra6+ Kg5 43. h4+ Kh5 44. exf5 gxf5 45. Re6 a3 46. Ra6 Rc3 47. Rf6 f4+ 48. Kh3 e4 0-1


[Site "https://www.chess.com"]

[Event "Titled Tuesday Blitz May 17 Late 2022"]
[White "Vasquez Schroeder, Rodrigo"]
[Black "Stanisz, Patryk"]
[WhiteFideId "3400042"]
[BlackFideId "1123106"]
[WhiteElo "2567"]
[BlackElo "1833"]
[Result "1-0"]
[Round "03"]
[TimeControl "180+1"]
[Date "2022.05.17"]
[WhiteClock "0:02:29"]
[BlackClock "0:00:58"]

1. e4 c5 2. Nf3 Nc6 3. d4 cxd4 4. Nxd4 Nf6 5. Nc3 e5 6. Ndb5 d6 7. Bg5 a6 8. Na3 b5 9. Nd5 Qa5+ 10. Bd2 Qd8 11. Nxf6+ Qxf6 12. Bd3 Qg6 13. O-O Be7 14. Kh1 O-O 15. c4 b4 16. Nc2 a5 17. Ne3 Nd4 18. Nd5 Bg5 19. Be3 Ne6 20. g3 Bb7 21. f4 exf4 22. gxf4 Bd8 23. f5 Qg4 24. Qxg4 1-0


[Site "https://www.chess.com"]

[Event "Titled Tuesday Blitz May 17 Late 2022"]
[White "Vlachos, Anatole"]
[Black "Xiong, Jeffery"]
[WhiteFideId "26093189"]
[BlackFideId "2047640"]
[WhiteElo "2361"]
[BlackElo "2727"]
[Result "0-1"]
[Round "03"]
[TimeControl "180+1"]
[Date "2022.05.17"]
[WhiteClock "0:00:04"]
[BlackClock "0:01:21"]

1. e4 g6 2. h4 Bg7 3. h5 d5 4. exd5 Qxd5 5. Nc3 Qa5 6. d4 Nc6 7. Bb5 Bd7 8. Bd2 O-O-O 9. a4 Qb6 10. d5 Nd4 11. h6 Bf6 12. Be3 Bf5 13. Rc1 e5 14. g4 Bd7 15. g5 Be7 16. Nf3 Bg4 17. Bxd4 exd4 18. a5 Qc5 19. Qxd4 Bxf3 20. Qxh8 Bxh1 0-1


[Site "https://www.chess.com"]

[Event "Titled Tuesday Blitz May 17 Late 2022"]
[White "Yuan, Qingyu"]
[Black "Martinez Alcantara, Jose Eduardo"]
[WhiteFideId "8609772"]
[BlackFideId "3805662"]
[WhiteElo "2359"]
[BlackElo "2690"]
[Result "0-1"]
[Round "03"]
[TimeControl "180+1"]
[Date "2022.05.17"]
[WhiteClock "0:00:02"]
[BlackClock "0:00:08"]

1. e4 c5 2. Nf3 d6 3. Bb5+ Nd7 4. c4 Nf6 5. Nc3 e6 6. O-O Be7 7. Qe2 O-O 8. Rd1 a6 9. Ba4 Ne5 10. d4 Nxf3+ 11. Qxf3 cxd4 12. Rxd4 Qc7 13. Qe2 b6 14. Bc2 Bb7 15. Bg5 Rac8 16. Rad1 Rfe8 17. Ba4 Red8 18. h3 h6 19. Bh4 g5 20. Bg3 e5 21. R4d3 Qxc4 22. Bxe5 Qe6 23. Bd4 Nd7 24. Bb3 Qg6 25. Rf3 Rf8 26. Nd5 Bxd5 27. Bxd5 a5 28. Rb3 Bf6 29. Bxb6 a4 30. Rb5 Be5 31. Bd4 Qf6 32. Bxe5 Nxe5 33. Qd2 Rb8 34. Qb4 Rxb5 35. Qxb5 g4 36. h4 Qxh4 37. Qxa4 Kh7 38. Qb3 Qg5 39. Qe3 Qf6 40. b4 Rb8 41. a3 h5 42. Rc1 h4 43. Rc7 h3 44. Qg3 Rg8 45. Kh2 Rg6 46. b5 Rh6 47. Kg1 hxg2 48. Kxg2 Rh3 49. b6 Rxg3+ 50. fxg3 Qf3+ 51. Kg1 Qxg3+ 52. Kf1 Qd3+ 53. Kg2 Qe2+ 54. Kh1 Qf1+ 55. Kh2 Qf2+ 56. Kh1 g3 57. Rc2 Qf1# 0-1


[Site "https://www.chess.com"]

[Event "Titled Tuesday Blitz May 17 Late 2022"]
[White "Zakhartsov, Vladimir"]
[Black "Oparin, Grigoriy"]
[WhiteFideId "4145097"]
[BlackFideId "24125890"]
[WhiteElo "2428"]
[BlackElo "2665"]
[Result "1-0"]
[Round "03"]
[TimeControl "180+1"]
[Date "2022.05.17"]
[WhiteClock "0:00:40"]
[BlackClock "0:00:20"]

1. d4 Nf6 2. c4 e6 3. Nf3 d5 4. g3 dxc4 5. Bg2 Bb4+ 6. Bd2 a5 7. a3 Bxd2+ 8. Nbxd2 b5 9. Qc2 c6 10. b3 cxb3 11. Nxb3 O-O 12. O-O Bb7 13. Nc5 Ra7 14. Rfd1 Nbd7 15. Ne5 Qc7 16. Nxb7 Rxb7 17. Nxc6 Nb6 18. Rac1 Nbd5 19. e4 Ne7 20. d5 Nxc6 21. Qxc6 Qxc6 22. dxc6 Rc7 23. e5 Nd5 24. Bxd5 exd5 25. Rxd5 Rb8 26. a4 bxa4 27. Rxa5 g5 28. Rxa4 Rb5 29. f4 Kg7 30. Rd4 gxf4 31. gxf4 Kg6 32. Rd7 Rc8 33. c7 Rb7 34. Kf2 h5 35. Kf3 Rb3+ 36. Ke4 Rb4+ 37. Rd4 Rb7 38. Rc6+ Kg7 39. Rd7 Rb4+ 40. Kf5 1-0


[Site "https://www.chess.com"]

[Event "Titled Tuesday Blitz May 17 Late 2022"]
[White "Abdrlauf, Elham"]
[Black "Grischuk, Alexander"]
[WhiteFideId "1533533"]
[BlackFideId "4126025"]
[WhiteElo "2371"]
[BlackElo "2762"]
[Result "0-1"]
[Round "04"]
[TimeControl "180+1"]
[Date "2022.05.17"]
[WhiteClock "0:00:02"]
[BlackClock "0:00:08"]

1. e4 e6 2. d4 d5 3. Nc3 Nf6 4. Bg5 dxe4 5. Nxe4 Be7 6. Bxf6 gxf6 7. Nf3 f5 8. Ng3 h5 9. Qd2 h4 10. Ne2 c5 11. O-O-O Nc6 12. Qc3 Qa5 13. d5 Qxc3 14. Nxc3 exd5 15. Nxd5 Bd8 16. Bd3 Kf8 17. g3 Be6 18. Bc4 Rh6 19. Ne3 Rc8 20. Bxe6 fxe6 21. Nc4 Rc7 22. Rhe1 Be7 23. c3 b5 24. Nce5 Nxe5 25. Nxe5 Bf6 26. Nd3 Kf7 27. Kc2 a5 28. Rd2 b4 29. Rde2 Rc6 30. Nf4 Bg5 31. Nd3 Bf6 32. Nf4 Bg7 33. Rd1 Rc7 34. Red2 hxg3 35. hxg3 Be5 36. Nd3 Bf6 37. Re2 c4 38. Nf4 Bg5 39. Rd4 Bxf4 40. Rxf4 Kf6 41. Rd4 Rc6 42. g4 fxg4 43. Rxg4 Rh1 44. Rf4+ Ke7 45. Rg4 Ra1 46. cxb4 axb4 47. Rg7+ Kf6 48. Ra7 b3+ 49. Kc3 bxa2 50. Kb4 c3 0-1


[Site "https://www.chess.com"]

[Event "Titled Tuesday Blitz May 17 Late 2022"]
[White "Aggelis, Nikolaos"]
[Black "Shimanov, Aleksandr"]
[WhiteFideId "4213220"]
[BlackFideId "4198603"]
[WhiteElo "2154"]
[BlackElo "2605"]
[Result "0-1"]
[Round "04"]
[TimeControl "180+1"]
[Date "2022.05.17"]
[WhiteClock "0:00:04"]
[BlackClock "0:01:08"]

1. d4 Nf6 2. Nf3 g6 3. g3 Bg7 4. Bg2 b6 5. O-O Bb7 6. b3 O-O 7. Bb2 c5 8. Nbd2 d6 9. Re1 cxd4 10. Nxd4 Bxg2 11. Kxg2 d5 12. c4 e5 13. Nb5 Nc6 14. Nf3 d4 15. Ba3 Re8 16. Nd6 Re6 17. Nb5 a6 18. Nd6 Rxd6 19. Bxd6 Qxd6 20. c5 bxc5 21. Rc1 e4 22. Ng5 Qd5 23. Nh3 e3+ 24. f3 g5 25. Qc2 Bf8 26. Kg1 h6 27. Red1 a5 28. Qc4 Qxc4 29. Rxc4 Nb4 30. a3 Na2 31. Kg2 Nc3 32. Rd3 Nxe2 33. Ng1 Nxg1 34. Kxg1 Rb8 35. Kf1 Nd5 36. Ke2 a4 37. b4 Nc3+ 38. Kf1 cxb4 39. Rcxd4 b3 40. Rxc3 b2 41. Rd1 b1=Q 42. Rxb1 Rxb1+ 43. Ke2 Rb3 44. Rc4 Rxa3 45. h4 Kg7 46. hxg5 hxg5 47. Rc5 0-1


[Site "https://www.chess.com"]

[Event "Titled Tuesday Blitz May 17 Late 2022"]
[White "Bok, Benjamin"]
[Black "Moskalenko, Alexander"]
[WhiteFideId "1017063"]
[BlackFideId "4155351"]
[WhiteElo "2658"]
[BlackElo "2434"]
[Result "1-0"]
[Round "04"]
[TimeControl "180+1"]
[Date "2022.05.17"]
[WhiteClock "0:00:08"]
[BlackClock "0:00:26"]

1. d4 e6 2. c4 Bb4+ 3. Nd2 d5 4. Qa4+ Nc6 5. e3 Nf6 6. Nf3 O-O 7. a3 Be7 8. Bd3 a5 9. O-O Re8 10. b4 Bd7 11. b5 Na7 12. c5 Rf8 13. Rb1 b6 14. c6 Be8 15. Qc2 Nc8 16. e4 dxe4 17. Nxe4 Nxe4 18. Bxe4 f5 19. Bd3 Bf6 20. Bc4 Bf7 21. Ne5 Bxe5 22. dxe5 Ne7 23. Bg5 Qe8 24. Rbd1 Nd5 25. Rfe1 h6 26. Bc1 Rd8 27. Rd3 f4 28. Rd4 g5 29. Bb2 Bg6 30. Qd2 Bf5 31. Bxd5 exd5 32. Rxd5 Be6 33. Rxd8 Qxd8 34. Qc2 Qe8 35. Rd1 Qf7 36. f3 Bb3 37. e6 Qxe6 38. Qc3 Qe3+ 39. Qxe3 fxe3 40. Rd7 Rf7 41. Be5 Bc4 42. Bxc7 Bxb5 43. Rxf7 Kxf7 44. Bxb6 e2 45. Kf2 Bxc6 46. Bxa5 Bb5 47. Bb4 Ba6 48. Ke3 Kg6 49. Kd4 h5 50. Bd2 g4 51. fxg4 hxg4 52. a4 Kf5 53. a5 Ke6 54. Kc5 Kd7 55. Kb6 Bd3 56. a6 Be4 57. a7 Bxg2 58. Be1 Kc8 59. Kc5 Kb7 60. Kd4 Kxa7 61. Ke3 Bf3 62. Kf2 Kb7 63. h3 g3+ 64. Kxf3 g2 65. Kxg2 Kc6 66. Kf2 Kd5 67. Kxe2 Ke6 68. Kf3 Kf7 69. Kg4 Kg6 70. h4 Kh7 71. h5 Kh6 72. Bd2+ Kh7 73. Kg5 Kg8 74. Kg6 Kh8 75. h6 Kg8 76. h7+ Kh8 77. Bc3# 1-0


[Site "https://www.chess.com"]

[Event "Titled Tuesday Blitz May 17 Late 2022"]
[White "Bortnyk, Olexandr"]
[Black "Pap, Gyula"]
[WhiteFideId "14120828"]
[BlackFideId "725323"]
[WhiteElo "2723"]
[BlackElo "2553"]
[Result "1-0"]
[Round "04"]
[TimeControl "180+1"]
[Date "2022.05.17"]
[WhiteClock "0:02:06"]
[BlackClock "0:00:01"]

1. d4 d5 2. Nc3 e6 3. Bf4 Bd6 4. e3 Ne7 5. Nf3 Ng6 6. Bg3 Nd7 7. Bd3 f5 8. Qe2 a6 9. Bxd6 cxd6 10. g4 fxg4 11. Nd2 Nf6 12. h3 g3 13. fxg3 Bd7 14. O-O-O Qe7 15. e4 dxe4 16. Ndxe4 Nxe4 17. Bxe4 O-O-O 18. Bxg6 Qg5+ 19. Kb1 Qxg6 20. d5 e5 21. Qc4+ Kb8 22. Qb4 Rhf8 23. g4 Rc8 24. Rhf1 Rf6 25. Rxf6 Qxf6 26. Ne4 Qg6 27. Qxd6+ Qxd6 28. Nxd6 Rf8 29. Re1 Rf3 30. b3 Rxh3 31. Rxe5 Bxg4 32. Re7 h5 33. Rxb7+ Ka8 34. Rxg7 Bf3 35. Nc4 Rh1+ 36. Kb2 h4 37. Nb6+ Kb8 38. d6 Bc6 39. Rg8+ Kb7 40. d7 Bxd7 41. Nxd7 h3 42. Nc5+ Kc6 43. Nd3 h2 44. Rh8 1-0


[Site "https://www.chess.com"]

[Event "Titled Tuesday Blitz May 17 Late 2022"]
[White "Dubov, Daniil"]
[Black "Babazada, Khazar"]
[WhiteFideId "24126055"]
[BlackFideId "13413554"]
[WhiteElo "2791"]
[BlackElo "2406"]
[Result "1-0"]
[Round "04"]
[TimeControl "180+1"]
[Date "2022.05.17"]
[WhiteClock "0:01:11"]
[BlackClock "0:00:01"]

1. d4 g6 2. Nf3 Bg7 3. e4 d6 4. Nc3 a6 5. Bc4 b5 6. Bb3 e6 7. O-O Ne7 8. Re1 O-O 9. Ne2 Bb7 10. Ng3 c5 11. c3 cxd4 12. cxd4 Nbc6 13. h4 h5 14. Bg5 Qd7 15. Qd2 f6 16. Bh6 Kh7 17. Bxg7 Kxg7 18. d5 exd5 19. exd5 Ne5 20. Nd4 Nxd5 21. Bxd5 Bxd5 22. Ndf5+ gxf5 23. Nxh5+ Kh7 24. Qxd5 Rae8 25. Rad1 Kh6 26. Ng3 f4 27. Qd2 Qg4 28. Re4 Ng6 29. Rde1 Rxe4 30. Rxe4 Kg7 31. h5 f5 32. Rd4 Ne5 33. Rxf4 Qg5 34. Qd4 Rc8 35. Nxf5+ Kh7 36. Ne3 Rc1+ 37. Kh2 Kg8 38. Qd5+ Kh8 39. Rf8+ Kh7 40. Qe4+ 1-0


[Site "https://www.chess.com"]

[Event "Titled Tuesday Blitz May 17 Late 2022"]
[White "Ekdyshman, Mikhail"]
[Black "Paravyan, David"]
[WhiteFideId "4149416"]
[BlackFideId "4194985"]
[WhiteElo "2146"]
[BlackElo "2569"]
[Result "0-1"]
[Round "04"]
[TimeControl "180+1"]
[Date "2022.05.17"]
[WhiteClock "0:00:10"]
[BlackClock "0:00:15"]

1. c4 Nf6 2. Nc3 d5 3. cxd5 Nxd5 4. Nf3 g6 5. b3 Nxc3 6. dxc3 Qxd1+ 7. Kxd1 Bg7 8. Bb2 Nc6 9. e4 Bg4 10. Kc2 O-O-O 11. Be2 f5 12. h3 Bxf3 13. Bxf3 Ne5 14. Be2 fxe4 15. Rad1 Rxd1 16. Rxd1 Rf8 17. Rf1 Kd7 18. c4 Ke6 19. Bd4 Bf6 20. Be3 Rd8 21. Rd1 Rd6 22. a4 a5 23. Bc5 Rxd1 24. Kxd1 h5 25. Kd2 b6 26. Be3 Nc6 27. Bd1 Bd4 28. Bc2 Ke5 29. Bd1 Bxe3+ 30. fxe3 Nb4 31. Be2 Na6 32. Bd1 Nc5 33. Bc2 Kf5 34. Ke2 Kg5 35. Kf2 Kh4 36. Bd1 Nd3+ 37. Kf1 Kg3 38. Be2 Nc5 39. Bd1 e5 40. Bc2 g5 41. Bd1 g4 42. hxg4 hxg4 43. Bc2 Kh2 44. Bd1 g3 45. Bc2 Nd3 46. Bb1 Nf2 47. Bc2 Ng4 48. Bxe4 Nxe3+ 49. Ke2 Nxg2 50. Kf3 Nf4 51. Kg4 g2 52. Bxg2 Kxg2 53. Kf5 Ng6 54. Ke4 c5 55. Kd5 Kf3 56. Kc6 e4 57. Kxb6 e3 58. Kxa5 e2 59. Kb6 e1=Q 60. a5 Qb4+ 61. Ka6 Ne7 62. Ka7 Ke4 63. a6 Nc6+ 64. Ka8 Qb8# 0-1


[Site "https://www.chess.com"]

[Event "Titled Tuesday Blitz May 17 Late 2022"]
[White "Ezat, Mohamed"]
[Black "Tristan, Leonardo"]
[WhiteFideId "10600906"]
[BlackFideId "113816"]
[WhiteElo "2386"]
[BlackElo "2404"]
[Result "0-1"]
[Round "04"]
[TimeControl "180+1"]
[Date "2022.05.17"]
[WhiteClock "0:00:08"]
[BlackClock "0:00:05"]

1. d4 d5 2. c4 e6 3. Nc3 a6 4. Nf3 dxc4 5. e4 b5 6. a4 b4 7. Na2 Bb7 8. Bxc4 Bxe4 9. O-O Nf6 10. Bg5 c6 11. Ne5 Be7 12. Qb3 a5 13. Rfe1 Bd5 14. Nc1 O-O 15. Ncd3 Nbd7 16. Rac1 Nxe5 17. Nxe5 Rc8 18. Bxd5 Qxd5 19. Qxd5 Nxd5 20. Bxe7 Nxe7 21. Rc5 Rfd8 22. Rd1 Rd5 23. Nc4 Rcd8 24. Rxa5 Rxa5 25. Nxa5 Ra8 26. Nc4 Rxa4 27. Ne5 Ra2 28. Nd3 b3 29. g3 g5 30. Rc1 Ra4 31. Nc5 Rxd4 32. Nxb3 Rb4 33. Na5 Rxb2 34. Nxc6 Nd5 35. Ne5 Rb7 36. Ra1 Kg7 37. Kg2 Kf6 38. Ng4+ Kf5 39. Nh6+ Kg6 40. Ng4 h5 41. Ne5+ Kf5 42. Nf3 g4 43. Nd4+ Ke5 44. Nc6+ Kf6 45. Nd4 Rb2 46. Re1 Kg6 47. Re2 Rb4 48. Rd2 Nf6 49. Ne2 Ne4 50. Nf4+ Kf5 51. Rc2 h4 52. Nd3 Rb3 53. Nc5 Nxc5 54. Rxc5+ e5 55. gxh4 Kf4 56. Rc4+ e4 57. h5 Rh3 58. Rc5 f5 59. Rb5 Rxh5 60. Ra5 Rh3 61. Rb5 Rc3 62. Rc5 Rxc5 0-1


[Site "https://www.chess.com"]

[Event "Titled Tuesday Blitz May 17 Late 2022"]
[White "Fedoseev, Vladimir"]
[Black "Leitao, Rafael"]
[WhiteFideId "24130737"]
[BlackFideId "2101246"]
[WhiteElo "2726"]
[BlackElo "2609"]
[Result "1-0"]
[Round "04"]
[TimeControl "180+1"]
[Date "2022.05.17"]
[WhiteClock "0:00:17"]
[BlackClock "0:00:05"]

1. d4 Nf6 2. c4 e6 3. g3 d5 4. Bg2 Bb4+ 5. Bd2 Be7 6. Nf3 O-O 7. O-O c6 8. Qc2 Nbd7 9. Rc1 b6 10. b4 Bb7 11. a4 c5 12. dxc5 bxc5 13. b5 a5 14. Bg5 h6 15. Bf4 Ne4 16. Nbd2 Bf6 17. Ra3 Nxd2 18. Nxd2 Nb6 19. cxd5 exd5 20. Qxc5 Be7 21. Qe3 d4 22. Qd3 Bxg2 23. Bc7 Qd5 24. Bxb6 Bxa3 25. Qxa3 Rac8 26. Bc7 Rfe8 27. Qd3 Re6 28. Rc4 Bh3 29. e4 dxe3 30. Qxd5 e2 31. Qxe6 fxe6 32. Re4 Rxc7 33. f4 Rc2 34. Rxe2 Bg4 35. Rf2 Ra2 36. Nf1 Rxa4 37. Rb2 Rb4 38. Rxb4 axb4 39. Nd2 e5 40. b6 Bc8 41. fxe5 Kf7 42. Kf2 Ke6 43. Ke3 Kxe5 44. Nc4+ Kd5 45. Na5 b3 46. Kd2 Bf5 47. Kc3 Bc8 48. Kxb3 Ke4 49. Kc4 Kf3 50. Kc5 Kg2 51. Kc6 Kxh2 52. Kc7 Ba6 53. Nc6 Kxg3 54. Nb4 1-0


[Site "https://www.chess.com"]

[Event "Titled Tuesday Blitz May 17 Late 2022"]
[White "Halkias, Stelios"]
[Black "Demchenko, Anton"]
[WhiteFideId "4201809"]
[BlackFideId "4160258"]
[WhiteElo "2453"]
[BlackElo "2539"]
[Result "0-1"]
[Round "04"]
[TimeControl "180+1"]
[Date "2022.05.17"]
[WhiteClock "0:00:13"]
[BlackClock "0:00:24"]

1. Nf3 Nf6 2. d4 g6 3. g3 Bg7 4. Bg2 O-O 5. O-O d6 6. Re1 Nc6 7. d5 Nb4 8. e4 e5 9. c4 a5 10. Nc3 Na6 11. b3 Bg4 12. h3 Bxf3 13. Bxf3 Nd7 14. Bd2 f5 15. Kg2 Ndc5 16. a3 Qf6 17. Rb1 fxe4 18. Rxe4 Qf7 19. b4 axb4 20. axb4 Nd7 21. Qe2 Nf6 22. Bg4 Kh8 23. Be6 Qe8 24. Rh4 c5 25. Nb5 Qe7 26. bxc5 Nxc5 27. Bb4 b6 28. Qc2 e4 29. Nd4 Nh5 30. Rxh5 Bxd4 31. Bc3 Qg7 32. Bxd4 Qxd4 33. Rh4 Nd3 34. Rf1 Rxf2+ 35. Rxf2 Ne1+ 36. Kh1 Nxc2 37. Rf7 h5 38. Rhf4 Ra1+ 0-1


[Site "https://www.chess.com"]

[Event "Titled Tuesday Blitz May 17 Late 2022"]
[White "Holt, Conrad"]
[Black "Sadhwani, Raunak"]
[WhiteFideId "2034387"]
[BlackFideId "35093487"]
[WhiteElo "2586"]
[BlackElo "2616"]
[Result "1/2-1/2"]
[Round "04"]
[TimeControl "180+1"]
[Date "2022.05.17"]
[WhiteClock "0:00:12"]
[BlackClock "0:00:07"]

1. d4 g6 2. c4 Bg7 3. Nf3 d6 4. e4 Nf6 5. Nc3 O-O 6. h3 e5 7. dxe5 dxe5 8. Qxd8 Rxd8 9. Bg5 Re8 10. Nd5 Nxd5 11. cxd5 c6 12. Bc4 cxd5 13. Bxd5 Nd7 14. Nd2 Nc5 15. Nc4 Be6 16. Nd6 Reb8 17. O-O-O Bxd5 18. Rxd5 Ne6 19. Be3 b6 20. Kb1 Rd8 21. Rhd1 Nc7 22. R5d3 Kf8 23. Nxf7 Rxd3 24. Rxd3 Ne6 25. Ng5 Nxg5 26. Bxg5 Ke8 27. Rd6 Rc8 28. f3 Rc7 29. Rd8+ Kf7 30. Bd2 Bf6 31. Rd5 Ke6 32. Bc3 g5 33. Kc2 h5 34. g4 hxg4 35. hxg4 Rh7 36. Kb3 Rc7 37. a4 Bg7 38. a5 Rf7 39. axb6 axb6 40. Rd3 Bf8 41. Kc4 Bc5 42. Bd2 Bd4 43. b3 Kd6 44. Kb5 Rc7 45. Bxg5 Rc5+ 46. Kb4 Kc6 47. Bd2 Rc2 48. Ka3 Bb2+ 49. Ka2 Bc1+ 50. Kb1 Rxd2 51. Rc3+ Kb5 52. Kxc1 Rf2 53. Rc2 Rxf3 54. Rg2 Rxb3 55. g5 Rc3+ 56. Kd2 Rc7 57. Ke3 Rg7 58. Kf3 Rf7+ 59. Kg4 Kc4 60. g6 Rf8 61. g7 Rg8 62. Kf5 Kd4 63. Rg1 b5 64. Rd1+ Ke3 65. Re1+ Kd4 66. Rd1+ Ke3 67. Kf6 Kxe4 68. Kf7 Rxg7+ 69. Kxg7 Kf3 70. Kf6 e4 71. Ke5 e3 72. Kd4 e2 73. Rb1 Kf2 74. Kc5 e1=Q 75. Rxe1 Kxe1 76. Kxb5 1/2-1/2


[Site "https://www.chess.com"]

[Event "Titled Tuesday Blitz May 17 Late 2022"]
[White "Horobetz, Graham"]
[Black "Bluebaum, Matthias"]
[WhiteFideId "2047322"]
[BlackFideId "24651516"]
[WhiteElo "2604"]
[BlackElo "2556"]
[Result "1/2-1/2"]
[Round "04"]
[TimeControl "180+1"]
[Date "2022.05.17"]
[WhiteClock "0:00:07"]
[BlackClock "0:01:23"]

1. e4 c6 2. d3 d5 3. Nd2 e5 4. Ngf3 Bd6 5. g3 Nf6 6. Bg2 O-O 7. O-O Re8 8. Re1 Nbd7 9. c3 a5 10. a4 Nc5 11. Qc2 Bg4 12. h3 Bh5 13. g4 Bg6 14. Nh4 dxe4 15. dxe4 Ne6 16. Nf1 Nd7 17. Nf5 Bc5 18. Be3 Bxe3 19. fxe3 Qc7 20. N1g3 f6 21. Red1 Red8 22. Bf1 Bf7 23. Bc4 Nb6 24. Bxe6 Bxe6 25. b3 g6 26. Nh4 Qe7 27. Ng2 Qc5 28. c4 Kg7 29. Rxd8 Rxd8 30. Rd1 Rd6 31. Rxd6 Qxd6 32. c5 Bxb3 33. Qxb3 Qxc5 34. Qe6 Qf8 35. g5 Qf7 36. gxf6+ Qxf6 37. Qb3 Qd8 38. Qc3 Qc7 39. Nf4 Kh6 40. Nd3 Nxa4 41. Qb3 b5 42. Qe6 Qa7 43. Kf2 Nc5 44. Nxc5 Qxc5 45. h4 Kg7 46. h5 a4 47. h6+ Kxh6 48. Qf6 Qc2+ 49. Kf3 Qd1+ 50. Kg2 Qg4 51. Kh2 a3 52. Nf5+ Kh5 53. Ng3+ Kh6 54. Nf5+ Kh5 55. Ng3+ Kh6 1/2-1/2


[Site "https://www.chess.com"]

[Event "Titled Tuesday Blitz May 17 Late 2022"]
[White "Indjic, Aleksandar"]
[Black "Donchenko, Alexander"]
[WhiteFideId "911925"]
[BlackFideId "24603295"]
[WhiteElo "2616"]
[BlackElo "2572"]
[Result "1/2-1/2"]
[Round "04"]
[TimeControl "180+1"]
[Date "2022.05.17"]
[WhiteClock "0:00:09"]
[BlackClock "0:00:28"]

1. e4 c6 2. Nf3 d5 3. Nc3 dxe4 4. Nxe4 Nf6 5. Qe2 Nxe4 6. Qxe4 Nd7 7. Bc4 Nf6 8. Ne5 e6 9. Qe2 b5 10. Bb3 Qc7 11. c3 Bd6 12. d4 O-O 13. O-O a5 14. Re1 c5 15. Bg5 c4 16. Bc2 Nd5 17. Qe4 g6 18. Bh6 Re8 19. Qf3 Bb7 20. Be4 f5 21. Bxd5 Bxd5 22. Qg3 b4 23. Bf4 Ra6 24. h4 Qg7 25. Re3 bxc3 26. bxc3 Rb8 27. h5 Rab6 28. Rae1 Rb1 29. hxg6 Rxe1+ 30. Rxe1 hxg6 31. a4 Rb2 32. Qh4 Rb8 33. Bh6 Qe7 34. Qg3 Qf6 35. Bf4 Rb7 36. Nxg6 Rg7 37. Bxd6 Rxg6 38. Be5 Qf7 39. Qh4 Rxg2+ 40. Kf1 Qg6 41. Qd8+ Kf7 42. Qd7+ Kf8 43. Qd8+ Kf7 44. Qd7+ Kf8 45. Qd8+ Kf7 1/2-1/2


[Site "https://www.chess.com"]

[Event "Titled Tuesday Blitz May 17 Late 2022"]
[White "Izoria, Zviad"]
[Black "Keymer, Vincent"]
[WhiteFideId "13601733"]
[BlackFideId "12940690"]
[WhiteElo "2626"]
[BlackElo "2548"]
[Result "1/2-1/2"]
[Round "04"]
[TimeControl "180+1"]
[Date "2022.05.17"]
[WhiteClock "0:00:16"]
[BlackClock "0:00:12"]

1. Nf3 d5 2. d4 Nf6 3. c4 e6 4. Nc3 c5 5. e3 Nc6 6. cxd5 exd5 7. Bb5 cxd4 8. Nxd4 Bd7 9. O-O Bd6 10. Be2 O-O 11. Ndb5 Be6 12. Nxd6 Qxd6 13. Nb5 Qe5 14. Bd2 Ne4 15. Be1 Rac8 16. f3 Nf6 17. Qd2 Qg5 18. Bg3 a6 19. Bf4 Qh4 20. Nd4 Nxd4 21. exd4 Qh5 22. Rac1 Qg6 23. Rc5 Nd7 24. Rc7 Rxc7 25. Bxc7 Rc8 26. Rc1 Nf8 27. Bg3 Bd7 28. Rxc8 Bxc8 29. Bf2 h5 30. Qd3 Bf5 31. Qc3 Bh3 32. Bf1 Bd7 33. Bd3 Bf5 34. Bf1 Bd7 35. Bd3 Qg5 36. Qe1 Bf5 37. Bf1 Ne6 38. Qe5 g6 39. h4 Qc1 40. Qe2 Nf4 41. Qe3 Qxe3 42. Bxe3 Nd3 43. Bxd3 Bxd3 44. Bd2 Bb1 45. Kf2 Bxa2 46. Bb4 Kg7 47. Bc5 Kf6 48. Ke3 Kf5 49. g3 Bc4 50. Bb6 f6 51. Bd8 b5 52. b4 g5 53. Be7 g4 54. f4 Ke6 55. Bd8 f5 56. Ba5 Kd7 57. Bb6 Kc6 58. Ba5 Bb3 59. Kd2 Ba2 60. Ke3 Bb1 61. Kd2 Be4 62. Ke3 Bf3 63. Kd2 Be4 64. Ke3 Kd7 65. Kd2 Kc6 1/2-1/2


[Site "https://www.chess.com"]

[Event "Titled Tuesday Blitz May 17 Late 2022"]
[White "Jian, Alex"]
[Black "Norowitz, Yaacov"]
[WhiteFideId "30901022"]
[BlackFideId "2024799"]
[WhiteElo "2111"]
[BlackElo "2412"]
[Result "0-1"]
[Round "04"]
[TimeControl "180+1"]
[Date "2022.05.17"]
[WhiteClock "0:00:01"]
[BlackClock "0:01:24"]

1. Nf3 b6 2. b3 Bb7 3. Bb2 Nf6 4. e3 c5 5. Be2 g6 6. O-O Bg7 7. d4 cxd4 8. exd4 O-O 9. Nbd2 Nc6 10. Re1 Rc8 11. c3 d5 12. Bd3 Nd7 13. Rc1 Re8 14. Bf1 e6 15. g3 Ne7 16. Bg2 Ba6 17. Nf1 Nb8 18. Ne3 Nbc6 19. Ng4 Nf5 20. Qd2 h5 21. Ne3 Nd6 22. Qd1 Rc7 23. Ba3 Nb5 24. Bb2 Qc8 25. Bf1 Nd6 26. Bg2 Ne7 27. Bh3 Qa8 28. Bg2 Rec8 29. Ne5 Nc6 30. Nxc6 Qxc6 31. c4 Qd7 32. cxd5 Rxc1 33. Bxc1 exd5 34. Nxd5 Nf5 35. Bb2 Bb7 36. Nf4 Bxg2 37. Kxg2 Rd8 38. Qd2 Bxd4 39. Bxd4 Qb7+ 40. f3 Nxd4 41. Re3 Kh7 42. Rd3 Nxf3 43. Qe2 Rxd3 44. Qxd3 Ne1+ 0-1


[Site "https://www.chess.com"]